[Event "22nd OIBM 2018"]
[Site "Gmund am Tegernsee"]
[Date "2018.11.02"]
[Round "7"]
[White "Schoenberger, Peter"]
[Black "Tonndorf, Matthias"]
[Result "1-0"]
[ECO "B22"]
[WhiteElo "2081"]
[BlackElo "2216"]
[Annotator "NA"]
[PlyCount "73"]
[EventDate "2018.10.27"]
[EventType "swiss"]
[EventCountry "GER"]
[SourceTitle "playchess.com"]
[Source "ChessBase"]
[SourceQuality "1"]
[TimeControl "40/5400+30:1800+30"]

1. e4 c5 2. c3 Nf6 3. e5 Nd5 4. Nf3 Nc6 5. d4 cxd4 6. cxd4 g6 7. Bc4 Nb6 8. Bb3 Bg7 9. O-O O-O 10. Bf4 d6 11. exd6 exd6 12. h3 Na5 $14 {[%emt 0:03:51] LiveBook: 13 Games} 13. Nc3 Nxb3 14. Qxb3 Be6 15. d5 Bf5 16. Rad1 Rc8 17. Nd4 Rc4 18. Be3 Bxh3 19. gxh3 Qh4 20. Nce2 Qxh3 21. Bf4 Qd7 22. Qf3 Rfc8 23. b3 R4c5 24. Kg2 Nxd5 25. Bg3 Nc3 26. Nxc3 Rxc3 27. Qe2 Be5 28. Qe4 Bxg3 29. fxg3 Re8 30. Qf4 b5 31. Rd2 Qb7+ 32. Rf3 Ree3 33. Rdf2 Qd5 34. Qxf7+ Qxf7 35. Rxf7 Rxg3+ 36. Kf1 h5 37. Ne2 1-0

[Event "22nd OIBM 2018"]
[Site "Gmund am Tegernsee"]
[Date "2018.11.02"]
[Round "7"]
[White "Kugelmann, Werner"]
[Black "Wintzer, Joachim, Dr."]
[Result "0-1"]
[ECO "B12"]
[WhiteElo "2072"]
[BlackElo "2260"]
[Annotator "NA"]
[PlyCount "122"]
[EventDate "2018.10.27"]
[EventType "swiss"]
[EventCountry "GER"]
[SourceTitle "playchess.com"]
[Source "ChessBase"]
[SourceQuality "1"]
[TimeControl "40/5400+30:1800+30"]

1. e4 c6 2. d4 d5 3. e5 c5 4. dxc5 e6 5. Nf3 Bxc5 {[%emt 0:02:27] B12: Caro-Kann: Advance Variation} 6. Bd3 (6. a3 Nd7 7. Bd3 f6 8. b4 Be7 9. Bb2 fxe5 10. Nxe5 Nxe5 11. Bxe5 Bf6 12. O-O Nh6 13. Bxf6 Qxf6 {1-0 (70) Jakovenko,D (2735)-Fedoseev,V (2706) Poikovsky 2018}) 6... Nc6 7. O-O Nge7 8. a3 a5 9. b3 $146 ({Predecessor:} 9. Nc3 Ng6 10. Qe2 Bd7 11. Nb5 O-O 12. Be3 Be7 13. Bxg6 fxg6 {½-½ (34) Paikidze,N (2406)-Batsiashvili,N (2438) Anaklia 2012}) 9... Ng6 10. Re1 b6 11. Bb2 Ba6 12. Bxa6 Rxa6 13. Qd3 Ra8 14. g3 Be7 15. Nc3 O-O 16. Rad1 Qb8 17. Nb5 Na7 18. Nbd4 Rc8 19. h4 Nc6 20. Nb5 Na7 21. Nbd4 Qb7 22. Bc1 Nf8 23. Ng5 Rc7 24. Qf3 Bd8 25. a4 Rac8 26. Ba3 Rc3 27. Rd3 Rxd3 28. Qxd3 Ng6 29. Nxh7 Nc6 30. Nf3 Kxh7 31. h5 Be7 32. hxg6+ fxg6 33. Bxe7 Qxe7 34. Kg2 Qe8 35. Ng5+ Kg8 36. g4 Kf8 37. Qh3 Ke7 38. Qh7 Qg8 39. Qxg6 Kd7 40. c4 Ne7 41. Qd3 Qf8 42. cxd5 Nxd5 43. Nxe6 Kxe6 44. Qg6+ Kd7 45. Rd1 Rc5 46. Qxb6 Qf4 47. e6+ Ke8 48. Qxc5 Qxg4+ 49. Kh2 Qh5+ 50. Kg3 Qg5+ $11 51. Kh2 Qh5+ 52. Kg3 Qxd1 53. Qc8+ Ke7 54. Qd7+ Kf6 55. Qf7+ Ke5 56. Qxg7+ Kxe6 57. Qg8+ Kd7 58. Qf7+ Ne7 59. Qc4 Qd6+ 60. f4 Nf5+ 61. Kf3 Qd1+ 0-1

[Event "22nd OIBM 2018"]
[Site "Gmund am Tegernsee"]
[Date "2018.11.02"]
[Round "7"]
[White "Reuter, Roland"]
[Black "Sahin, Ozgun"]
[Result "1-0"]
[ECO "B32"]
[WhiteElo "1916"]
[BlackElo "2208"]
[Annotator "NA"]
[PlyCount "65"]
[EventDate "2018.10.27"]
[EventType "swiss"]
[EventCountry "GER"]
[SourceTitle "playchess.com"]
[Source "ChessBase"]
[SourceQuality "1"]
[TimeControl "40/5400+30:1800+30"]

1. e4 c5 2. Nf3 Nc6 3. d4 cxd4 4. Nxd4 g6 5. Be3 Nf6 6. Nc3 Bg7 7. Be2 O-O 8. Qd2 d5 9. Nxc6 bxc6 10. exd5 Nxd5 11. Nxd5 cxd5 12. c3 e5 13. O-O Be6 14. Bc5 Re8 15. a4 Qc7 16. b4 f5 17. Rfe1 f4 $11 18. Bb5 Red8 19. f3 e4 20. Rac1 e3 21. Qe2 Bf6 22. Red1 Bh4 23. Bd4 Bf2+ 24. Kh1 Qe7 25. Qf1 Qh4 26. Rc2 Bg3 27. h3 g5 28. Be5 h5 29. Qd3 Bf7 30. Qf5 Bf2 31. Qf6 Kf8 32. Qh6+ Ke7 33. Bf6+ 1-0

[Event "22nd OIBM 2018"]
[Site "Gmund am Tegernsee"]
[Date "2018.11.02"]
[Round "7"]
[White "Ries, Berthold"]
[Black "Huber, Benedikt"]
[Result "0-1"]
[ECO "B23"]
[WhiteElo "1862"]
[BlackElo "2116"]
[Annotator "NA"]
[PlyCount "56"]
[EventDate "2018.10.27"]
[EventType "swiss"]
[EventCountry "GER"]
[SourceTitle "playchess.com"]
[Source "ChessBase"]
[SourceQuality "1"]
[TimeControl "40/5400+30:1800+30"]

1. e4 c5 2. Nc3 e6 3. Nge2 Nc6 4. g3 d5 5. exd5 exd5 6. d4 Bg4 7. Be3 Bf3 8. Rg1 Be7 9. Bg2 Bxg2 10. Rxg2 Bf6 11. Qd2 Nge7 12. O-O-O Nf5 13. g4 Nfxd4 14. Bxd4 cxd4 15. Nb5 O-O 16. Nbxd4 Re8 17. g5 Bxd4 18. Nxd4 Re4 19. Nb3 Qe7 20. f3 Re5 21. f4 Re4 22. f5 Rd8 23. f6 Qe5 24. Qf2 Re8 25. c3 b5 26. Qc5 Nb4 27. a3 Qf4+ 28. Rgd2 Nd3+ 0-1

[Event "22nd OIBM 2018"]
[Site "Gmund am Tegernsee"]
[Date "2018.11.03"]
[Round "8"]
[White "Zeier, Klaus"]
[Black "Koch, Yannick"]
[Result "1-0"]
[ECO "C00"]
[WhiteElo "2228"]
[BlackElo "2048"]
[Annotator "ChessBase"]
[PlyCount "97"]
[EventDate "2018.10.27"]
[EventType "swiss"]
[EventCountry "GER"]
[SourceTitle "playchess.com"]
[Source "ChessBase"]
[SourceQuality "1"]
[TimeControl "40/5400+30:1800+30"]

1. e4 e6 2. d4 d5 3. Bd3 Nf6 4. e5 Nfd7 5. f4 c5 6. c3 Nc6 7. Nf3 cxd4 8. cxd4 Qb6 9. Bc2 Nb4 10. Nc3 Nxc2+ 11. Qxc2 f5 12. O-O Be7 13. Kh1 O-O 14. Rg1 Nb8 15. g4 Nc6 16. Be3 Bd7 17. Qg2 g6 18. gxf5 Rxf5 19. Rac1 Nb4 20. Qh3 Nd3 21. Rc2 Rc8 22. Rcg2 Be8 23. Nxd5 Qd8 24. Nc3 Nxf4 25. Bxf4 Rxf4 26. Qxe6+ Kg7 27. Nd5 Rxf3 28. Nxe7 Bf7 29. Qxc8 Qxe7 30. Rc1 Bd5 31. Kg1 Rf7 32. Rg3 h5 33. Qc5 Qe6 34. Qd6 Bxa2 35. Qxe6 Bxe6 36. Rgc3 Rf4 37. Rc7+ Kh6 38. Re7 Bd5 39. Rd7 Rg4+ 40. Kf2 Rg2+ 41. Ke3 Be6 42. Rd6 Bf5 43. e6 Rxh2 44. Re1 Rh3+ 45. Kf4 Rh4+ 46. Ke5 Kg7 47. Rd7+ Kf8 48. Kf6 Ke8 49. Rg7 1-0

[Event "22nd OIBM 2018"]
[Site "Gmund am Tegernsee"]
[Date "2018.11.03"]
[Round "8"]
[White "Moeldner, Juergen"]
[Black "Finkenflugel, Renzo"]
[Result "1-0"]
[ECO "B12"]
[WhiteElo "2209"]
[BlackElo "1990"]
[Annotator "NA"]
[PlyCount "47"]
[EventDate "2018.10.27"]
[EventType "swiss"]
[EventCountry "GER"]
[SourceTitle "playchess.com"]
[Source "ChessBase"]
[SourceQuality "1"]
[TimeControl "40/5400+30:1800+30"]

1. e4 c6 2. d4 d5 3. e5 Bf5 4. Nf3 e6 5. Be2 Ne7 6. Nbd2 c5 7. dxc5 Nec6 8. Nb3 Nd7 9. Be3 Be4 10. Bb5 Bxf3 11. Qxf3 Ncxe5 {[%emt 0:10:30] [#]} 12. Qg3 $1 Nc6 13. O-O-O g6 14. Rhe1 Be7 15. Bh6 Rc8 16. Kb1 a6 $16 17. Ba4 Qc7 18. Qh3 b5 19. cxb6 Nxb6 20. Bg7 Rg8 21. Bxc6+ Qxc6 22. Qxh7 Qxc2+ 23. Ka1 Kd7 24. Bd4 1-0

[Event "22nd OIBM 2018"]
[Site "Gmund am Tegernsee"]
[Date "2018.11.03"]
[Round "8"]
[White "Schaefer, Michael"]
[Black "Ott, Josef Sebastian"]
[Result "1-0"]
[ECO "A61"]
[WhiteElo "2185"]
[BlackElo "1961"]
[Annotator "NA"]
[PlyCount "49"]
[EventDate "2018.10.27"]
[EventType "swiss"]
[EventCountry "GER"]
[SourceTitle "playchess.com"]
[Source "ChessBase"]
[SourceQuality "1"]
[TimeControl "40/5400+30:1800+30"]

1. d4 Nf6 2. Nf3 c5 3. d5 e6 4. c4 d6 5. Nc3 exd5 6. cxd5 g6 7. Bf4 a6 8. a4 Bg7 9. h3 O-O 10. e3 Qc7 {[%emt 0:16:43] LiveBook: 7 Games A61: Modern Benoni: Nf3 without early e4} 11. Be2 Nfd7 $146 ({Predecessor:} 11... Nbd7 12. O-O Rb8 13. Rc1 Re8 14. Nd2 Ne5 15. Bh2 Qe7 16. Kh1 Rd8 17. a5 Ne8 18. f4 {1-0 (43) Nikolic,P (2622)-Bogut,Z (2423) Bihac 2016}) 12. O-O Ne5 (12... Re8 $142) 13. Bxe5 dxe5 14. Nd2 Rd8 15. Nc4 f5 16. d6 Qf7 17. Nb6 Ra7 18. Nxc8 Rxc8 19. a5 Nd7 20. Nd5 Kh8 21. Bc4 Rc6 22. Nb6 Qe8 23. Qa4 Nxb6 24. axb6 Ra8 $18 25. Bb5 1-0

[Event "22nd OIBM 2018"]
[Site "Gmund am Tegernsee"]
[Date "2018.11.03"]
[Round "8"]
[White "Kannenberg, Karl-Heinz"]
[Black "Maruntis, Patrik-Robert"]
[Result "0-1"]
[ECO "D05"]
[WhiteElo "2182"]
[BlackElo "1680"]
[Annotator "NA"]
[PlyCount "68"]
[EventDate "2018.10.27"]
[EventType "swiss"]
[EventCountry "GER"]
[SourceTitle "playchess.com"]
[Source "ChessBase"]
[SourceQuality "1"]
[TimeControl "40/5400+30:1800+30"]

1. d4 d5 2. Nf3 Nf6 3. e3 e6 4. Bd3 Bd6 5. Nbd2 Nbd7 6. c3 b6 7. e4 dxe4 8. Nxe4 Be7 9. O-O Bb7 10. Qe2 Nxe4 {[%emt 0:10:23] C10: French with 3 Nc3: Unusual Black 3rd moves and 3...dxe4} 11. Bxe4 Bxe4 12. Qxe4 O-O 13. Rd1 c5 $146 ({Predecessor:} 13... b5 14. Qe2 c6 15. a4 a6 16. Bf4 Nb6 17. axb5 axb5 18. Ne5 Qd5 {1-0 (58) Beerdsen,T (2404)-Fries Nielsen,J (2356) Hamburg 2016}) 14. Qe2 Qc7 15. d5 e5 16. c4 f5 17. Ng5 Bxg5 18. Bxg5 Qd6 19. Bd2 Rae8 20. Rac1 f4 21. f3 Qg6 22. Rf1 e4 23. Bc3 $15 exf3 24. Qxf3 Re3 25. Qd1 Rf5 26. Rf3 Rg5 27. Qf1 Re4 28. Re1 Rxe1 29. Bxe1 Qe4 30. Bc3 Ne5 31. Bxe5 Rxe5 32. Rxf4 Qe3+ 33. Kh1 Qxf4 34. Kg1 Qe3+ 0-1

[Event "22nd OIBM 2018"]
[Site "Gmund am Tegernsee"]
[Date "2018.11.03"]
[Round "8"]
[White "Hoeller, Armin"]
[Black "Bente, Bjoern"]
[Result "0-1"]
[ECO "A13"]
[WhiteElo "2007"]
[BlackElo "2228"]
[Annotator "NA"]
[PlyCount "50"]
[EventDate "2018.10.27"]
[EventType "swiss"]
[EventCountry "GER"]
[SourceTitle "playchess.com"]
[Source "ChessBase"]
[SourceQuality "1"]
[TimeControl "40/5400+30:1800+30"]

1. c4 e6 2. g3 d5 3. Bg2 Nf6 4. Nf3 dxc4 5. Na3 Bxa3 6. bxa3 O-O {[%emt 0:02:30] LiveBook: 73 Games} 7. Bb2 {[%emt 0:03:07] A13: English Opening: 1...e6} Nd5 8. Qa4 $146 {[%emt 0:07:50] [#]} ({Predecessor:} 8. Rc1 b5 9. d3 c3 10. Bxc3 c5 11. Qb3 Nd7 12. Bd2 Ba6 13. O-O Rc8 14. Rfd1 Qe7 {0-1 (71) Marin,M (2555)-Rodriguez Vargas,O (2419) Barcelona 2011}) 8... Nb6 $1 9. Qc2 Nc6 10. h4 f6 11. O-O-O e5 12. d4 cxd3 13. Qb3+ Kh8 14. h5 Qe7 15. Nh4 Be6 16. Ng6+ hxg6 17. hxg6+ Kg8 18. Qxd3 Rad8 $19 19. Qf3 Qc5+ 20. Kb1 Rxd1+ 21. Rxd1 Ne7 22. Rc1 Nc4 23. Qd3 b5 24. Rh1 Nxb2 25. Kxb2 Qd4+ 0-1

[Event "22nd OIBM 2018"]
[Site "Gmund am Tegernsee"]
[Date "2018.11.03"]
[Round "8"]
[White "Metodiev, Martin"]
[Black "Oberhofer, Cedric"]
[Result "0-1"]
[ECO "D85"]
[WhiteElo "1974"]
[BlackElo "2213"]
[Annotator "NA"]
[PlyCount "37"]
[EventDate "2018.10.27"]
[EventType "swiss"]
[EventCountry "GER"]
[SourceTitle "playchess.com"]
[Source "ChessBase"]
[SourceQuality "1"]
[TimeControl "40/5400+30:1800+30"]

1. d4 Nf6 2. c4 g6 3. Nc3 d5 4. cxd5 Nxd5 5. e4 Nxc3 6. bxc3 c5 7. Nf3 Bg7 8. Rb1 O-O 9. Be2 Nc6 10. d5 Ne5 11. Nd2 f5 12. Rb5 (12. O-O $11) 12... a6 13. Rb3 (13. Rb2 $15) 13... fxe4 14. Nxe4 c4 15. Rb4 Bf5 16. Nc5 b6 ({Schwächer ist} 16... Nd3+ 17. Nxd3 cxd3 18. Bf3 $19) 17. Na4 Nd3+ 18. Bxd3 $19 Bxd3 19. Bd2 0-1

[Event "22nd OIBM 2018"]
[Site "Gmund am Tegernsee"]
[Date "2018.11.04"]
[Round "9"]
[White "Meins, Gerlef"]
[Black "Schrems, Hermann"]
[Result "1-0"]
[ECO "A05"]
[WhiteElo "2408"]
[BlackElo "2154"]
[Annotator "NA"]
[PlyCount "49"]
[EventDate "2018.10.27"]
[EventType "swiss"]
[EventCountry "GER"]
[SourceTitle "playchess.com"]
[Source "ChessBase"]
[SourceQuality "1"]
[TimeControl "40/5400+30:1800+30"]

1. Nf3 Nf6 2. c4 c5 3. g3 b6 4. Bg2 Bb7 5. O-O g6 6. Nc3 Bg7 7. d4 cxd4 8. Qxd4 O-O 9. Qh4 d6 10. Bh6 Nbd7 11. Bxg7 Kxg7 12. Rfd1 Rc8 13. Rac1 a6 14. b3 Qc7 15. Bh3 Rfd8 16. Qf4 Qb8 17. Qe3 e6 18. Ng5 Rc5 19. Nxf7 Kxf7 20. Qxe6+ Kg7 21. Qe7+ Kh8 22. Bxd7 Nxd7 23. Rxd6 Re5 24. Qh4 Rh5 25. Qd4+ 1-0

[Event "22nd OIBM 2018"]
[Site "Gmund am Tegernsee"]
[Date "2018.11.04"]
[Round "9"]
[White "Morawietz, Dieter"]
[Black "Pieper, Thomas"]
[Result "1-0"]
[ECO "C65"]
[WhiteElo "2408"]
[BlackElo "2213"]
[Annotator "NA"]
[PlyCount "47"]
[EventDate "2018.10.27"]
[EventType "swiss"]
[EventCountry "GER"]
[SourceTitle "playchess.com"]
[Source "ChessBase"]
[SourceQuality "1"]
[TimeControl "40/5400+30:1800+30"]

1. e4 e5 2. Nf3 Nc6 3. Bb5 Nf6 4. d3 Bc5 5. Nbd2 a6 6. Bxc6 dxc6 7. Nb3 Bd6 8. d4 Nxe4 9. Qe2 Bf5 10. O-O exd4 11. Bg5 f6 $15 12. Nh4 O-O 13. Bc1 Qd7 14. g4 Bxg4 15. Qxe4 Rfe8 16. Qxd4 g5 17. f3 Be6 18. Qxf6 Be7 19. Qh6 gxh4 20. Kh1 Bf8 21. Rg1+ Kh8 22. Qxh4 Qf7 23. Bf4 Bg7 24. Rxg7 1-0

[Event "22nd OIBM 2018"]
[Site "Gmund am Tegernsee"]
[Date "2018.11.04"]
[Round "9"]
[White "Zajogin, Alexander"]
[Black "Schaefer, Michael"]
[Result "1-0"]
[ECO "D31"]
[WhiteElo "2408"]
[BlackElo "2185"]
[Annotator "NA"]
[PlyCount "65"]
[EventDate "2018.10.27"]
[EventType "swiss"]
[EventCountry "GER"]
[SourceTitle "playchess.com"]
[Source "ChessBase"]
[SourceQuality "1"]
[TimeControl "40/5400+30:1800+30"]

1. d4 d5 2. c4 e6 3. Nc3 Be7 4. cxd5 exd5 {[%emt 0:00:06] LiveBook: 2195 Games} 5. e3 Nf6 6. Bd3 O-O 7. Nge2 c5 8. O-O Nc6 9. Nf4 a6 10. dxc5 Bg4 $16 11. Qa4 Bxc5 12. Nfxd5 Nxd5 13. Qxg4 Nxc3 14. Qf5 g6 15. Qxc5 Qxd3 16. bxc3 Qc2 17. Ba3 Rfd8 18. Rab1 Qxa2 19. Rxb7 Rac8 20. h3 Rd5 21. Rc7 Rxc5 22. Rxc8+ Kg7 23. Bxc5 Qd5 24. Bf8+ Kf6 25. c4 Qd7 26. Ra8 Qb7 27. Re8 a5 28. Rd1 h5 29. f4 g5 30. Rd6+ Kf5 31. Rd5+ Kf6 32. Rxg5 a4 33. Bg7# 1-0

[Event "22nd OIBM 2018"]
[Site "Gmund am Tegernsee"]
[Date "2018.11.04"]
[Round "9"]
[White "Pirrot, Dieter"]
[Black "Subramanian, Aditya"]
[Result "0-1"]
[ECO "A02"]
[WhiteElo "2373"]
[BlackElo "2151"]
[Annotator "NA"]
[PlyCount "84"]
[EventDate "2018.10.27"]
[EventType "swiss"]
[EventCountry "GER"]
[SourceTitle "playchess.com"]
[Source "ChessBase"]
[SourceQuality "1"]
[TimeControl "40/5400+30:1800+30"]

1. f4 Nf6 2. Nf3 g6 3. g3 Bg7 4. Bg2 d5 5. d3 c5 6. O-O Nc6 7. c3 O-O 8. Na3 b6 9. Qa4 Bd7 10. Qc2 Rc8 11. e4 d4 12. h3 Ne8 13. e5 Nc7 14. Qf2 Be6 15. c4 f6 16. exf6 exf6 17. Nc2 Qd7 18. g4 f5 19. g5 Bf7 20. Bd2 a5 21. h4 Rfe8 22. h5 Re7 23. Nh4 Rce8 24. Rae1 Qd6 25. Qf3 Rxe1 26. Nxe1 Re6 27. Rf2 Qe7 28. Kf1 Be8 29. Re2 Rxe2 30. Qxe2 Qxe2+ 31. Kxe2 Ne7 32. Nef3 gxh5 33. Ne5 Bxe5 34. fxe5 Bg6 35. Bb7 Kf7 36. Ng2 Ke6 37. Kf3 Be8 38. Nf4+ Kxe5 39. Kg3 Ne6 40. Bd5 h4+ 41. Kf3 Nxd5 42. cxd5 Nxg5+ {[%emt 0:00:00] Bc1} 0-1

[Event "22nd OIBM 2018"]
[Site "Gmund am Tegernsee"]
[Date "2018.11.04"]
[Round "9"]
[White "Zude, Arno"]
[Black "Boehm, Juergen"]
[Result "1-0"]
[ECO "C18"]
[WhiteElo "2349"]
[BlackElo "2174"]
[Annotator "NA"]
[PlyCount "135"]
[EventDate "2018.10.27"]
[EventType "swiss"]
[EventCountry "GER"]
[SourceTitle "playchess.com"]
[Source "ChessBase"]
[SourceQuality "1"]
[TimeControl "40/5400+30:1800+30"]

1. e4 e6 2. d4 d5 3. Nc3 Bb4 4. e5 c5 5. a3 Bxc3+ 6. bxc3 Ne7 7. Qg4 cxd4 {[%emt 0:00:22] LiveBook: 455 Games} 8. cxd4 Qc7 9. Bd2 O-O 10. Bd3 f5 (10... b6 $11 {hält das Gleichgewicht.}) 11. exf6 Rxf6 $16 12. Qh5 h6 13. Nf3 Bd7 14. Ne5 Nbc6 15. O-O Be8 16. Qg4 Nf5 17. Nxc6 Bxc6 18. Bf4 Qd7 19. Be5 Rff8 20. Rab1 a6 21. Rb6 Bb5 22. Rb1 Bc6 23. a4 Rac8 24. a5 Qf7 25. h3 Rfd8 26. R1b3 Bb5 27. Bxb5 axb5 28. R3xb5 Rd7 29. Qe2 Rc4 30. Qd3 Qe7 31. g4 Nh4 32. Bg3 Rxd4 33. Qe3 Re4 34. Qc3 Rc4 35. Qb3 Qf6 36. Rxb7 Rxb7 37. Rxb7 Rc3 38. Qb4 Nf3+ 39. Kg2 Ne1+ 40. Kf1 Nxc2 41. Qf4 Ra3 42. Qb8+ Kh7 43. Be5 Ra1+ 44. Bxa1 Qxa1+ 45. Rb1 Qxa5 46. Qe5 Qa3 47. Kg2 Qd3 48. Rb7 Qe4+ 49. Qxe4+ dxe4 50. Kg3 e3 51. fxe3 Nxe3 52. Re7 Nd5 53. Rxe6 Kg8 54. Rd6 Ne7 55. Kf4 Kf7 56. Ke5 Ng6+ 57. Ke4 Nh4 58. Ra6 Ng6 59. Kf5 Nh4+ 60. Kf4 Ng6+ 61. Kg3 Ne7 62. h4 Ng6 63. h5 Ne7 64. Kf4 g6 65. Ke5 gxh5 66. gxh5 Kg7 67. Ra7 Kf7 68. Ke4 1-0

[Event "22nd OIBM 2018"]
[Site "Gmund am Tegernsee"]
[Date "2018.11.04"]
[Round "9"]
[White "Hacker, Jonas"]
[Black "Huber, Benedikt"]
[Result "1-0"]
[ECO "C11"]
[WhiteElo "2345"]
[BlackElo "2116"]
[Annotator "NA"]
[PlyCount "81"]
[EventDate "2018.10.27"]
[EventType "swiss"]
[EventCountry "GER"]
[SourceTitle "playchess.com"]
[Source "ChessBase"]
[SourceQuality "1"]
[TimeControl "40/5400+30:1800+30"]

1. e4 e6 2. d4 d5 3. Nc3 Nf6 4. e5 Nfd7 5. f4 c5 6. Nf3 Nc6 7. Be3 $11 {[%emt 0:00:00] LiveBook: 6487 Games} cxd4 8. Nxd4 Qb6 9. Qd2 Qxb2 10. Rb1 Qa3 11. Bb5 Nxd4 12. Bxd4 Bb4 13. Rb3 Qa5 14. a3 Be7 15. f5 exf5 16. Nxd5 Qxd2+ 17. Kxd2 Bd8 18. c4 a6 19. Bxd7+ Bxd7 20. Rxb7 h5 21. Rhb1 Rc8 22. Kd3 Rh6 23. Rb8 Rhc6 24. Rxc8 Bxc8 25. Rb8 Kd7 26. Bb6 Bxb6 27. Nxb6+ Kc7 28. Rxc8+ Kxb6 29. Rxc6+ Kxc6 30. h4 Kc5 31. g3 a5 32. Kc3 Kb6 33. Kd4 Kc6 34. a4 Kb6 35. Kd5 Kc7 36. c5 Kd7 37. c6+ Kc7 38. Kc5 g5 39. hxg5 f4 40. gxf4 h4 41. e6 1-0

[Event "22nd OIBM 2018"]
[Site "Gmund am Tegernsee"]
[Date "2018.11.04"]
[Round "9"]
[White "Rietze, Clemens"]
[Black "Nikanova, Ekaterina"]
[Result "1/2-1/2"]
[ECO "B06"]
[WhiteElo "2293"]
[BlackElo "2088"]
[Annotator "NA"]
[PlyCount "43"]
[EventDate "2018.10.27"]
[EventType "swiss"]
[EventCountry "GER"]
[SourceTitle "playchess.com"]
[Source "ChessBase"]
[SourceQuality "1"]
[TimeControl "40/5400+30:1800+30"]

1. d4 d6 2. e4 g6 3. Nc3 Bg7 4. Be3 Nd7 5. Qd2 c6 6. f3 Ngf6 7. Bd3 e5 8. Nge2 O-O 9. O-O-O b5 10. dxe5 dxe5 11. Kb1 a5 12. Nc1 a4 13. a3 Qe7 14. N3a2 Bb7 15. c4 bxc4 16. Bxc4 Rfb8 17. Ka1 Bf8 18. g4 Nc5 19. Qc3 Nfd7 20. Nb4 Nb3+ 21. Kb1 c5 22. Nd5 1/2-1/2

[Event "22nd OIBM 2018"]
[Site "Gmund am Tegernsee"]
[Date "2018.11.04"]
[Round "9"]
[White "Imnadze, Nato"]
[Black "Gschwendtner, Klaus"]
[Result "1/2-1/2"]
[ECO "C71"]
[WhiteElo "2291"]
[BlackElo "2086"]
[Annotator "NA"]
[PlyCount "150"]
[EventDate "2018.10.27"]
[EventType "swiss"]
[EventCountry "GER"]
[SourceTitle "playchess.com"]
[Source "ChessBase"]
[SourceQuality "1"]
[TimeControl "40/5400+30:1800+30"]

1. e4 e5 2. Nf3 Nc6 3. Bb5 a6 4. Ba4 d6 5. d3 b5 6. Bb3 Na5 7. Nc3 Nxb3 8. axb3 Bb7 9. b4 g6 10. O-O Bg7 11. Bg5 f6 12. Be3 Ne7 13. d4 O-O 14. dxe5 fxe5 15. Ng5 Qd7 16. Nd5 Rac8 17. Qd3 h6 18. Nxe7+ Qxe7 19. Qb3+ Kh8 20. Ne6 Rf6 21. Nxg7 Kxg7 22. Qd3 Qe6 23. b3 g5 24. f3 Rcf8 25. c4 bxc4 26. bxc4 R8f7 27. b5 axb5 28. cxb5 d5 29. exd5 Bxd5 30. Ra6 Bc4 31. Qe4 Qd5 32. Qxd5 Bxd5 33. Rc1 Rd7 34. Bf2 Re6 35. Bg3 Kf7 36. Rxe6 Kxe6 37. Re1 e4 38. fxe4 Bc4 39. Rb1 h5 40. h3 h4 41. b6 cxb6 42. Rxb6+ Kf7 43. Bd6 Ra7 44. Be5 Be6 45. Rb2 Ra1+ 46. Kh2 Ra5 47. Rb7+ Kg6 48. Rg7+ Kh6 49. Bf6 Ra4 50. e5 g4 51. hxg4 Rxg4 52. Rxg4 Bxg4 53. Bxh4 Kg6 54. Kg3 Bd7 55. Kf4 Kh5 56. Bf6 Be6 57. g3 Kg6 58. g4 Bd5 59. Bd8 Be6 60. g5 Bd5 61. Bf6 Kf7 62. Kf5 Be6+ 63. Ke4 Ba2 64. Kd4 Be6 65. Kc5 Bh3 66. Kd6 Bf5 67. Bd8 Bg4 68. Bb6 Bf5 69. Kd5 Be6+ 70. Ke4 Kg6 71. Bd8 Bb3 72. Kd4 Be6 73. Kc5 Kf7 74. Bf6 Bf5 75. Kd6 Bg4 1/2-1/2

[Event "22nd OIBM 2018"]
[Site "Gmund am Tegernsee"]
[Date "2018.11.04"]
[Round "9"]
[White "Lipok, Christoph"]
[Black "Freundorfer, Josef"]
[Result "1-0"]
[ECO "A51"]
[WhiteElo "2271"]
[BlackElo "2114"]
[Annotator "NA"]
[PlyCount "63"]
[EventDate "2018.10.27"]
[EventType "swiss"]
[EventCountry "GER"]
[SourceTitle "playchess.com"]
[Source "ChessBase"]
[SourceQuality "1"]
[TimeControl "40/5400+30:1800+30"]

1. d4 Nf6 2. c4 e5 3. dxe5 Ne4 4. a3 d6 5. Nf3 Nc6 6. Qc2 d5 7. Nc3 Nxc3 8. Qxc3 d4 9. Qd3 g6 10. Bg5 Be7 11. Bf4 a5 12. O-O-O Bf5 13. e4 Bg4 14. Be2 Bxf3 15. Bxf3 h5 16. e6 g5 17. exf7+ Kxf7 18. Bd2 Ne5 19. Qb3 c6 20. c5+ Kf6 21. h4 g4 22. Be2 Qd7 23. Bg5+ Kg7 24. f4 gxf3 25. gxf3 Bxg5+ 26. hxg5 Qe7 27. f4 Nd7 28. Rxd4 Nxc5 29. Qc3 Kf8 30. Rd8+ Qxd8 31. Qxh8+ Ke7 32. Qf6+ 1-0